 Dungeon Crawl Stone Soup version 0.29-a0-397-g846e4a0bbc (webtiles) character file.

Game seed: 2340585242469136216

55 Hound the Covered (level 3, -5/33 HPs)
             Began as a Minotaur Fighter on May 11, 2022.
             Slain by an orc
             ... wielding a +0 whip
              (6 damage)
             ... on level 3 of the Dungeon.
             The game lasted 00:07:21 (1315 turns).

Hound the Covered (Minotaur Fighter)                Turns: 1315, Time: 00:07:22

Health: -5/33      AC:  0    Str: 22    XL:     3   Next: 67%
Magic:  2/2        EV: 11    Int:  5    God:
Gold:   122        SH:  0    Dex:  9    Spells: 2/2 levels left

rFire   . . .      SeeInvis .   a - +0 flail
rCold   . . .      Faith    .   c - +0 buckler
rNeg    . . .      Spirit   .   (no body armour)
rPois   .          Reflect  .   (helmet restricted)
rElec   .          Harm     .   (no cloak)
rCorr   .          Rampage  .   (no gloves)
Will    .....                   (no boots)
Stlth   +.........              (no amulet)
HPRegen 0.11/turn               (no ring)
MPRegen 0.08/turn               (no ring)

@: confused, mighty
A: horns 2, retaliatory headbutt
a: no special abilities


You were on level 3 of the Dungeon.
You visited 1 branch of the dungeon, and saw 3 of its levels.

You collected 122 gold pieces.

Inventory:

Hand Weapons
 a - a +0 flail (weapon)
Missiles
 f - 5 poisoned darts (quivered)
Armour
 b - a +0 scale mail
 c - a +0 buckler (worn)
 j - a +0 helmet
 k - a +0 chain mail
Wands
 p - a wand of paralysis (2)
Scrolls
 h - a scroll of fog {unknown}
 m - 2 scrolls of blinking {unknown}
 n - 2 scrolls of identify {unknown}
 s - a scroll of teleportation {unknown}
 t - 3 scrolls of poison {unknown}
Potions
 e - a potion of brilliance {unknown}
 g - 2 potions of curing {unknown}
 i - a potion of haste {unknown}
 l - a potion of berserk rage {unknown}
 o - a potion of flight {unknown}
 q - a potion of magic {unknown}
 r - a potion of invisibility {unknown}


   Skills:
 + Level 4.0 Fighting
 + Level 3.0 Maces & Flails
 + Level 4.0 Armour
 * Level 1.4 Dodging
 * Level 0.9 Stealth
 + Level 4.0 Shields


You had 2 spell levels left.
You didn't know any spells.
Your spell library contained the following spells:

 Spells                   Type           Power      Damage    Failure   Level
 Sting                    Tmut/Pois      0%         1d3       56%         1
 Poisonous Vapours        Pois/Air       0%         N/A       71%         2
 Olgreb's Toxic Radiance  Pois           0%         N/A       100%        4


Dungeon Overview and Level Annotations

Branches:
Dungeon (3/15)

Altars:


Innate Abilities, Weirdness & Mutations

You have a pair of horns on your head.
You reflexively headbutt those who attack you in melee.


Message History

The jackal closely misses you. The orc hits you with a +0 whip.
The orc barely misses you. You block the jackal's attack.
You closely miss the jackal. Your headbutt misses the jackal.
The jackal is heavily wounded.
The jackal closely misses you. The orc closely misses you.
The orc barely misses you.
You hit the jackal.
The jackal is severely wounded.
The jackal closely misses you. You furiously retaliate!
You headbutt the jackal.
You kill the jackal!
The orc wizard gestures at you while chanting.
You are confused.
The orc hits you with a +0 whip. The orc misses you.
The orc hits you with a +0 whip. x2
The orc wizard hits you with a +0 dagger.
The orc barely misses you.
The orc wizard points at you and mumbles some strange words.
You are more confused.
You barely miss the orc. The orc hits you with a +0 whip.
The orc attacks as you move away! The orc hits you with a +0 whip.
* * * LOW HITPOINT WARNING * * *
The orc wizard hits you with a +0 dagger.
* * * LOW HITPOINT WARNING * * *
The orc barely misses you. The orc attacks as you move away!
The orc closely misses you. The orc barely misses you.
Things that are here:
a +0 dagger; 3 stones You closely miss the orc.
Your headbutt misses the orc.
The orc wizard hits you with a +0 dagger.
* * * LOW HITPOINT WARNING * * *
The orc hits you with a +0 whip.
* * * LOW HITPOINT WARNING * * *
The orc barely misses you.
You feel very mighty all of a sudden.
The orc wizard hits you with a +0 dagger.
* * * LOW HITPOINT WARNING * * *
The orc hits you with a +0 whip.
You die...

#[........# #.........# ######
#.........# #....# #.........#
#....# #.........# #....#
######.........####....#######
..............).†..............
#######.........##########.##.#
##.......@.........##.##.#
#.......ooo........##.##.#
#..................##.##..
#.......†..........##.####
#..................##.##.#
#..................##.##..
#..................# #.#
#........####+#...## #.#
#........# ##.#...# #..


You could see an orc wizard and 2 orcs.

Vanquished Creatures
  An adder (D:2)
  A worm (D:2)
  3 dart slugs
  4 endoplasms
  A giant cockroach (D:2)
  8 goblins
  2 hobgoblins
  2 jackals (D:3)
  5 kobolds
  2 quokkas (D:2)
  A ball python (D:2)
  A bat (D:2)
  2 frilled lizards (D:2)
  2 rats (D:2)
35 creatures vanquished.

Notes
Turn   | Place    | Note
-------+----------+-------------------------------------------
     0 | D:1      | Hound the Minotaur Fighter began the quest for the Orb.
     0 | D:1      | Reached XP level 1. HP: 19/19 MP: 0/0
    77 | D:1      | Reached XP level 2. HP: 26/27 MP: 1/1
   289 | D:1      | You fall into a shaft and drop 1 floor!
   545 | D:2      | Reached skill level 1 in Dodging
   562 | D:2      | Reached XP level 3. HP: 28/33 MP: 2/2
  1315 | D:3      | HP: 1/33 [orc wizard/+0 dagger (3)]
  1315 | D:3      | Slain by an orc

Illustrated notes

Levels and vault maps discovered:
D:1:      dpeg_arrival_boxorama, layout_loops_ring, basic_ecumenical_altar,
          minmay_octomino_c4
D:2:      layout_loops_ring, minmay_small_reverse_x
D:3:      layout_basic

Skill      XL: |  1  2  3 |
---------------+----------+-----
Dodging        | 1 |  1.4
Armour         | 4 |  4.0
Fighting       | 4 |  4.0
Shields        | 4 |  4.0
Maces & Flails | 3 |  3.0
Stealth        | |  0.9

Action                   || total
-------------------------++-------
Melee: Flail             ||    64
       Headbutt          ||     6
  Use: Potion            ||     1
Armor: Scale mail        ||     9
Dodge: Dodged            ||    57
Block: Buckler           ||    19

Table legend: (Time is in decaauts)
 A = Elapsed time spent in this place.
 B = Non-inter-level travel time spent in this place.
 C = Inter-level travel time spent in this place.
 D = Time resting spent in this place.
 E = Time spent auto-exploring this place.
 F = Levels seen in this place.
 G = Mean time per level.
                   A        B        C        D        E       F      G
               +--------+--------+--------+--------+--------+-----+--------+
         Total |   1334 |    969 |    365 |    191 |    470 |   3 |  444.7 |
       Dungeon |   1334 |    969 |    365 |    191 |    470 |   3 |  444.7 |
               +--------+--------+--------+--------+--------+-----+--------+

Top non-repeatable levels by time:
     D:2: 894 daAuts
     D:1: 292 daAuts
     D:3: 147 daAuts
